 Dungeon Crawl Stone Soup version 0.28-a0-1518-gbe868bca14 (webtiles) character file.

Game seed: 13298017223738796790

39 hashsling the Magician (level 3, 0/19 HPs)
             Began as a Deep Elf Hedge Wizard on Jan 16, 2022.
             Succumbed to an adder's poison
             ... on level 2 of the Dungeon.
             The game lasted 00:03:37 (1254 turns).

hashsling the Magician (Deep Elf Hedge Wizard)      Turns: 1254, Time: 00:03:38

Health: 0/19       AC:  2    Str:  6 (7)  XL:     3   Next: 28%
Magic:  7/11       EV: 12    Int: 17 (20) God:
Gold:   71         SH:  0    Dex: 12 (14) Spells: 0/12 levels left

rFire   . . .      SeeInvis .   f - +0 falchion
rCold   . . .      Faith    .   (no shield)
rNeg    . . .      Spirit   .   b - +0 robe
rPois   .          Reflect  .   c - +0 hat
rElec   .          Harm     .   (no cloak)
rCorr   .          Rampage  .   (no gloves)
Will    .....                   (no boots)
Stlth   ++........              (no amulet)
HPRegen 0.06/turn               (no ring)
MPRegen 0.12/turn               (no ring)

@: lethally poisoned (0 -> -3), hasted, very quick
A: no striking features
a: no special abilities


You were on level 2 of the Dungeon.
You visited 1 branch of the dungeon, and saw 2 of its levels.

You collected 71 gold pieces.

Inventory:

Hand Weapons
 a - a +0 dagger
 f - a +0 falchion (weapon)
Armour
 b - a +0 robe (worn)
 c - a +0 hat (worn)
Jewellery
 j - a ring of fire
Scrolls
 e - a scroll of amnesia {unknown}
 g - a scroll of magic mapping {unknown}
 k - a scroll of blinking {unknown}


   Skills:
 - Level 2.4 Dodging
 - Level 2.4 Stealth
 + Level 5.3 Spellcasting
 + Level 2.6 Conjurations
 - Level 1.1 Summonings
 - Level 1.1 Translocations


You couldn't memorise any spells.
You knew the following spells:

 Your Spells              Type           Power      Damage    Failure   Level
a - Magic Dart            Conj           52%        1d5       4%          1
b - Blink                 Tloc           16%        N/A       13%         2
c - Call Imp              Summ           8%         N/A       13%         2
d - Slow                  Hex            16%        N/A       14%         1
e - Mephitic Cloud        Conj/Pois/Air  7%         N/A       28%         3
f - Conjure Flame         Conj/Fire      9%         6-21      24%         3

Your spell library contained the following spells:

 Spells                   Type           Power      Damage    Failure   Level


Dungeon Overview and Level Annotations

Branches:
Dungeon (2/15)

Altars:


Message History

The adder poisons you! The adder bites you.
You barely miss the adder.
The adder is heavily wounded.
You feel sick.
Your crimson imp misses the adder.
The adder closely misses you.
Your crimson imp hits the adder.
You miss the adder.
The adder is severely wounded.
You feel sick. The adder bites you.
Your crimson imp barely misses the adder.
The adder barely misses you.
You barely miss the adder.
The adder is severely wounded.
You feel sick. The adder bites you.
Your crimson imp closely misses the adder.
The adder misses you.
You closely miss the adder.
The adder is severely wounded.
You feel sick.
You are no longer poisoned.
Your crimson imp closely misses the adder.
The adder barely misses you.
Your crimson imp misses the adder.
You closely miss the adder.
The adder is severely wounded.
The adder bites you.
* * * LOW HITPOINT WARNING * * *
You are lethally poisoned!
The adder poisons you! The adder bites you.
* * * LOW HITPOINT WARNING * * *
Your crimson imp misses the adder.
It was a potion of cancellation.
You feel magically purged.
* * * LOW HITPOINT WARNING * * *
You feel sick. The adder barely misses you.
Your crimson imp blinks!
It was a potion of haste.
You feel yourself speed up.
* * * LOW HITPOINT WARNING * * *
You feel sick. The adder closely misses you. x2
It was a potion of degeneration.
There was something very wrong with that liquid.
You feel weakened.
You feel dopey.
You feel clumsy.
You die...

.# ##.# #..#####.
#. #......!. #.
#<.# #.# #..#####
#..#### #.......
#####....###S..###
...........@.....#
#####...##......#
#..###.5....#
#..####.#.....
#.............
#..####.#..###
#..# .#..# #..# ..
.# .#######..#


You could see an adder (ally target) and a friendly crimson imp (summoned).

Vanquished Creatures
  An adder (D:2)
  A ball python (D:1)
  6 bats
  2 endoplasms (D:1)
  2 giant cockroaches
  4 hobgoblins (D:1)
  2 quokkas (D:1)
  2 frilled lizards (D:1)
  3 rats
23 creatures vanquished.

Vanquished Creatures (collateral kills)
  A ball python (D:1)
  A hobgoblin (D:1)
  A quokka (D:2)
  2 rats (D:1)
5 creatures vanquished.

Grand Total: 28 creatures vanquished

Notes
Turn   | Place    | Note
-------+----------+-------------------------------------------
     0 | D:1      | hashsling the Deep Elf Hedge Wizard began the quest for the
                  | Orb.
     0 | D:1      | Reached XP level 1. HP: 10/10 MP: 7/7
   197 | D:1      | Reached XP level 2. HP: 15/15 MP: 6/9
   200 | D:1      | Learned a level 2 spell: Blink
   203 | D:1      | Learned a level 2 spell: Call Imp
   205 | D:1      | Learned a level 1 spell: Slow
   560 | D:1      | Reached skill level 5 in Spellcasting
  1081 | D:2      | Reached XP level 3. HP: 19/19 MP: 4/11
  1179 | D:2      | Learned a level 3 spell: Mephitic Cloud
  1183 | D:2      | Learned a level 3 spell: Conjure Flame
  1254 | D:2      | Succumbed to an adder's poison

Illustrated notes

Levels and vault maps discovered:
D:1:      lordsloth_arrival_two_stooges, layout_loops_ring,
          grunt_decor_one_mirror, hex_medium, supply_closet_lemuel,
          minmay_cut_off
D:2:      layout_loops_ring, serial_shops, shop_fountains, item_on_display_a,
          uniq_crazy_yiuf_cottage

Skill      XL: |  1  2 |
---------------+-------+-----
Conjurations   | 2 |  2.6
Spellcasting   | 5 |  5.3
Dodging        | |  2.4
Stealth        | |  2.4
Summonings     | |  1.1
Translocations | |  1.1

Action                   || total
-------------------------++-------
Melee: Falchion          ||    12
 Cast: Magic Dart        ||    52
       Call Imp          ||     3
  Use: Potion            ||     3
 Stab: Distracted        ||     1
Armor: Robe              ||     7
Dodge: Dodged            ||    18

Table legend: (Time is in decaauts)
 A = Elapsed time spent in this place.
 B = Non-inter-level travel time spent in this place.
 C = Inter-level travel time spent in this place.
 D = Time resting spent in this place.
 E = Time spent auto-exploring this place.
 F = Levels seen in this place.
 G = Mean time per level.
                   A        B        C        D        E       F      G
               +--------+--------+--------+--------+--------+-----+--------+
         Total |   1257 |   1219 |     38 |      0 |   1061 |   2 |  628.5 |
       Dungeon |   1257 |   1219 |     38 |      0 |   1061 |   2 |  628.5 |
               +--------+--------+--------+--------+--------+-----+--------+

Top non-repeatable levels by time:
     D:1: 1073 daAuts
     D:2: 184 daAuts
